 Dungeon Crawl Stone Soup version 0.30-a0-170-g85af917532 (webtiles) character file.

Game seed: 5510968390289991498

155 qw the Chopper (level 5, -2/32 HPs)
             Began as a Gargoyle Fighter on Sept 30, 2022.
             Killed from afar by an orc wizard (9 damage)
             ... with a puff of flame
             ... on level 3 of the Dungeon.
             The game lasted 00:00:50 (1986 turns).

qw the Chopper (Gargoyle Fighter)                   Turns: 1986, Time: 00:00:50

Health: -2/32      AC: 13    Str: 22    XL:     5   Next: 37%
Magic:  5/5        EV:  7    Int:  8    God:
Gold:   209        SH:  4    Dex:  9    Spells: 4/4 levels left

rFire   . . .      SeeInvis .    Y - +0 war axe
rCold   . . .      Faith    .    c - +0 buckler
rNeg    + . .      Spirit   .    f - +0 chain mail
rPois   inf        Reflect  .    (no helmet)
rElec   +          Harm     .    (no cloak)
rCorr   .          Rampage  .    (no gloves)
Will    .....                    (no boots)
Stlth   ..........               (no amulet)
HPRegen 0.10/turn                (no ring)
MPRegen 0.09/turn                (no ring)

@: no status effects
A: sickness immunity, AC +4, negative energy resistance 1, electricity
resistance, torment resistance 1, petrification resistance
a: no special abilities


You were on level 3 of the Dungeon.
You visited 1 branch of the dungeon, and saw 3 of its levels.

You collected 209 gold pieces.


Innate Abilities, Weirdness & Mutations

You are immune to sickness and miasma.
Your stone body is resilient. (AC +4)
You are immune to poison.
You resist negative energy. (rN+)
You are resistant to electric shocks. (rElec)
You are resistant to unholy torment.
You are immune to petrification.


   Skills:
 - Level 3.2 Fighting
 + Level 4.9 Axes
 - Level 3.2 Armour
 - Level 3.2 Shields


You had 4 spell levels left.
You didn't know any spells.
Your spell library was empty.

Inventory:

Hand Weapons
 e - the +10 morningstar "Eos" {elec, Halo rElec}
   (You found it on level 2 of the Dungeon)

   It occasionally discharges a powerful burst of electricity upon striking a
   foe.
   It grants its wielder a halo, revealing invisible creatures and increasing
   accuracy against all within it other than the wielder.
   rElec:     It insulates you from electricity.
 Y - a +0 war axe (weapon)
Armour
 c - a +0 buckler (worn)
 f - a +0 chain mail (worn)
Scrolls
 a - a scroll of identify
 b - a scroll of teleportation {unknown}
 g - a scroll of vulnerability {unknown}
Potions
 d - a potion of might
 h - a potion of mutation {unknown}
 i - a potion of lignification {unknown}

Dungeon Overview and Level Annotations

Branches:
Dungeon (3/15)

Altars:


Message History

Something hits you. The orc hits you with a +0 club.
Something hits you but does no damage.
You closely miss the orc. You miss something. x2
You block the orc's attack. Something hits you.
Something hits you but does no damage.
You hit the orc.
The orc is severely wounded.
You miss something. You closely miss something.
Something hits you but does no damage.
You hear some strange, mumbled words.
A puff of flame appears from out of thin air!
The puff of flame hits you but does no damage.
The orc barely misses you.
You closely miss the orc.
The orc is severely wounded.
You miss something. You hit something. Something hits you but does no damage.
Something hits you. The orc hits you but does no damage.
Something hits you but does no damage. x2
The orc hits you with a +0 club.
You hit the orc.
You kill the orc!
You barely miss something. You closely miss something.
Something hits you but does no damage. x2
You barely miss something. You miss something. Something hits you.
Something hits you but does no damage.
You slash something! You miss something. Something hits you.
Something hits you but does no damage.
You miss something. x2
You hear some strange, mumbled words.
A puff of flame appears from out of thin air!
The puff of flame hits you. Something hits you. x3
You miss something. You closely miss something.
Something hits you but does no damage.
You hear some strange, mumbled words.
Something tries to affect you, but you resist.
You hit something but do no damage. You closely miss something.
You hear some strange, mumbled words.
A puff of flame appears from out of thin air!
The puff of flame hits you!
You die...

#.# ## #.# ###. #.# #...
#.####.#. ######........
###########......####.#.
.........##.#.#### #.#.
.........'....### #.#.
......{@.##.#.#.# #...
......){........# ##.#.
...########.....####....
#. ###............<
..###.#.####.... #.#
#........... #.#
#.#.##.#.###
#.###.#.##.#.###
...#.####.......##.#....


There were no monsters in sight!

Vanquished Creatures
  An orc priest (D:3)
  5 adders
  A dart slug (D:1)
  4 orcs (D:3)
  3 endoplasms
  A giant cockroach (D:1)
  7 goblins
  2 hobgoblins
  4 jackals
  5 kobolds
  3 quokkas
  A ball python (D:2)
  5 bats
  2 frilled lizards
  8 rats
52 creatures vanquished.

Vanquished Creatures (others)
  An orc wizard (D:3)
1 creature vanquished.

Grand Total: 53 creatures vanquished

Notes
Turn   | Place    | Note
-------+----------+-------------------------------------------
     0 | D:1      | qw the Gargoyle Fighter began the quest for the Orb.
     0 | D:1      | Reached XP level 1. HP: 14/14 MP: 1/1
     0 | D:1      | 0 ||| qw: Version: 0.2-a-13-gfc7b4b4
     0 | D:1      | 0 ||| qw: Game counter: 1681
     0 | D:1      | 0 ||| qw: Always use a shield: true
     0 | D:1      | 0 ||| qw: God list: Okawaru
     0 | D:1      | 0 ||| qw: Allow faded altars: false
     0 | D:1      | 0 ||| qw: Do Orc after D:15 true
     0 | D:1      | 0 ||| qw: Do second Lair branch before Depths: true
     0 | D:1      | 0 ||| qw: Lair rune preference: random
     0 | D:1      | 0 ||| qw: Plans: Normal, Zot:1-4, God:TSO, Crypt, Tomb,
                  | Pan, Slime:5, Hells, Abyss, Orb
     0 | D:1      | 0 ||| PLANNING D:1-11
    84 | D:1      | Reached skill level 2 in Axes
   103 | D:1      | 103 ||| DROPPING +0 club.
   130 | D:1      | Found a faded altar of an unknown god.
   147 | D:1      | Reached XP level 2. HP: 19/19 MP: 2/2
   599 | D:1      | Reached skill level 3 in Axes
   600 | D:1      | 600 ||| Stepping ~*~*~tactically~*~*~ (stealth).
   601 | D:1      | 601 ||| Stepping ~*~*~tactically~*~*~ (stealth).
   737 | D:1      | Reached XP level 3. HP: 21/23 MP: 3/3
   870 | D:1      | 870 ||| UPGRADING to +0 chain mail.
   880 | D:1      | 880 ||| DROPPING +0 scale mail.
   881 | D:1      | 881 ||| READING scroll labelled DUATHI IGIERACERGHA.
   882 | D:1      | 882 ||| READING scroll labelled BUNESS MUIWKO.
   937 | D:2      | 937 ||| Stepping ~*~*~tactically~*~*~ (stealth).
   938 | D:2      | 938 ||| Stepping ~*~*~tactically~*~*~ (stealth).
   940 | D:2      | 940 ||| Stepping ~*~*~tactically~*~*~ (stealth).
   957 | D:2      | Found the +10 morningstar "Eos" {elec, Halo rElec}
  1074 | D:2      | 1074 ||| DROPPING +0 whip.
  1240 | D:2      | Reached XP level 4. HP: 26/28 MP: 4/4
  1316 | D:2      | 1316 ||| READING scroll labelled USUDUM ZEKK.
  1317 | D:2      | 1317 ||| READING scroll labelled ICIVUVV REREO.
  1318 | D:2      | 1318 ||| READING scroll labelled HUETIF TOHYRGH.
  1319 | D:2      | 1319 ||| READING 3 scrolls of identify.
  1319 | D:2      | 1319 ||| IDENTIFYING fuming yellow potion
  1320 | D:2      | 1320 ||| READING 2 scrolls of identify.
  1320 | D:2      | 1320 ||| IDENTIFYING blue potion
  1321 | D:2      | 1321 ||| DROPPING potion of invisibility.
  1338 | D:3      | 1338 ||| STAIRDANCE
  1365 | D:3      | 1365 ||| STAIRDANCE
  1370 | D:2      | Reached skill level 4 in Axes
  1399 | D:3      | 1399 ||| STAIRDANCE
  1469 | D:3      | 1469 ||| Stepping ~*~*~tactically~*~*~ (hiding).
  1483 | D:3      | HP: 7/28 [orc priest/+0 flail (3)]
  1484 | D:3      | 1484 ||| DRINKING potion of heal wounds.
  1492 | D:3      | HP: 7/28 [orc priest/+0 flail (2)]
  1494 | D:3      | Reached XP level 5. HP: 9/32 MP: 5/5
  1746 | D:3      | 1746 ||| Stepping ~*~*~tactically~*~*~ (stealth).
  1747 | D:3      | 1747 ||| Stepping ~*~*~tactically~*~*~ (stealth).
  1749 | D:3      | 1749 ||| Stepping ~*~*~tactically~*~*~ (stealth).
  1961 | D:3      | 1961 ||| Stepping ~*~*~tactically~*~*~ (stealth).
  1984 | D:3      | HP: 8/32 [something (1)]
  1986 | D:3      | Killed from afar by an orc wizard

Levels and vault maps discovered:
D:1:      dpeg_arrival_three_smaller_balls, layout_basic,
          ebering_ecumenical_altar_box
D:2:      layout_rooms
D:3:      layout_basic

Skill      XL: |  1  2  3  4 |
---------------+-------------+-----
Axes           | 2 3 4 |  4.9
Fighting       | |  3.2
Armour         | |  3.2
Shields        | |  3.2

Action                   |  1- 3 |  4- 6 || total
-------------------------+-------+-------++-------
Melee: War axe           |    78 |    80 ||   158
  Use: Scroll            |     2 |     5 ||     7
       Potion            |       |     1 ||     1
Armor: Scale mail        |    26 |       ||    26
       Chain mail        |    14 |    77 ||    91
Dodge: Dodged            |    29 |    38 ||    67
Block: Buckler           |    13 |    23 ||    36

Table legend:
 A = Non-vault XP
 B = Vault XP
 C = Vault XP percentage of total XP
 D = Non-vault monster count
 E = Vault monster count
 F = Vault count percentage of total count
                 A         B        C        D         E       F
            +---------+---------+-------+---------+---------+-------
      Total |     222 |       0 |   0.0 |      53 |       0 |   0.0
            +---------+---------+-------+---------+---------+-------
        D:1 |      34 |       0 |   0.0 |      20 |       0 |   0.0
        D:2 |      67 |       0 |   0.0 |      20 |       0 |   0.0
        D:3 |     121 |       0 |   0.0 |      13 |       0 |   0.0
            +---------+---------+-------+---------+---------+-------
